 Dungeon Crawl Stone Soup version bcrawl-1.21.2-1-g32d02e0829 (webtiles) character file.

Game seed: 3228366321752762992

80 Mrkan the Covered (level 4, -5/29 HPs)
             Began as a Gargoyle Fighter on Feb 21, 2020.
             Was an Initiate of Ru.
             Killed by divine providence
             ... invoked by an orc priest
              (11 damage)
             ... on level 3 of the Dungeon.
             The game lasted 00:03:46 (1838 turns).

Mrkan the Covered (Gargoyle Fighter)                Turns: 1838, Time: 00:03:47

Health: -5/29      AC: 13    Str: 21    XL:     4   Next: 39%
Magic:  4/4        EV:  5    Int:  8    God:    Ru [......]
Gold:   176        SH:  9    Dex:  9    Spells: 3/3 levels left

rFire    . . .     SeeInvis .   a - +0 flail
rCold    . . .     Gourm    .   c - +0 shield
rNeg     + . .     Faith    .   n - +0 chain mail
rPois    ∞         Spirit   .   (no helmet)
rElec    +         Reflect  .   (no cloak)
rCorr    .         Harm     .   (no gloves)
MR       .....                  (no boots)
Stlth    ..........             (no amulet)
HPRegen  0.09/turn              (no ring)
MPRegen  0.09/turn              (no ring)

@: no status effects
A: negative energy resistance 1, electricity resistance, unbreathing,
petrification resistance, rot immunity, AC +3
a: Renounce Religion


You were on level 3 of the Dungeon.
You worshipped Ru.
Ru was noncommittal.
You were not hungry.

You visited 1 branch of the dungeon, and saw 3 of its levels.

You collected 176 gold pieces.

Inventory:

Hand Weapons
 a - a +0 flail (weapon)
 v - a +0 whip of freezing
Armour
 c - a +0 shield (worn)
 n - a +0 chain mail (worn)
Jewellery
 s - an uncursed amulet of guardian spirit {unknown}
Scrolls
 g - a scroll of blinking {unknown}
 l - 3 scrolls of teleportation {unknown}
 m - 2 scrolls of remove curse {unknown}
 p - a scroll of immolation {unknown}
 q - a scroll of fog {unknown}
 r - a scroll of identify {unknown}
 t - a scroll of noise {unknown}
Potions
 b - 2 potions of heal wounds {unknown}
 d - a potion of might
 f - a potion of lignification {unknown}
 h - a potion of mutation {unknown}
 i - a potion of haste {unknown}
 j - 3 potions of degeneration {unknown}
 k - 2 potions of magic {unknown}
 o - a potion of brilliance {unknown}
 u - 2 potions of ambrosia {unknown}
 w - 2 potions of agility {unknown}
 x - a potion of curing {unknown}
Comestibles
 e - 3 rations {!d}
 z - 3 chunks of flesh


   Skills:
 + Level 3.8 Fighting
 * Level 3.2 Maces & Flails
 + Level 3.8 Armour
 + Level 3.8 Shields


You had 3 spell levels left.
You didn't know any spells.
Your spell library was empty.

Dungeon Overview and Level Annotations

Branches:
Dungeon (3/12)

Altars:
Makhleb
Ru

Annotations:
D:3 1 transporter


Innate Abilities, Weirdness & Mutations

You are resistant to torment.
Your stone body is resilient. (AC +3)
You are immune to poison.
You resist negative energy. (rN+)
You are resistant to electric shocks. (rElec)
You can survive without breathing.
You are immune to petrification.
You are immune to rotting.


Message History

Your chain mail prevents you from hitting the kobold.
The kobold is severely wounded.
The kobold hits you but does no damage.
Your chain mail prevents you from hitting the kobold.
The kobold is heavily wounded.
The kobold hits you but does no damage. You block the kobold's attack.
Your chain mail prevents you from hitting the kobold.
The kobold is heavily wounded.
The kobold completely misses you.
You barely miss the kobold.
The kobold is heavily wounded.
The kobold completely misses you.
You closely miss the kobold.
The kobold is moderately wounded.
The kobold completely misses you. The kobold hits you but does no damage.
You closely miss the kobold.
The kobold is moderately wounded.
The orc priest invokes the aid of Beogh against you.
Beogh smites you!
You die...

#.# ##.###### #
#.......###.###
#..###.........
#..###........#
####.#....#..##....#
...#.#.##..........#
.....#.####..#.##..#
.......oK@.........#
#######o####.......#
.o5#≈8#.# ##...####
≈≈≈#.P#o## #...######.#
≈..#$$#..## #...........
≈..+$©#o..###....#.##..
≈..#.$#.?...............
≈≈≈#.P#.................
..5#P8#.................


You could see an orc priest, a shadow imp, an orc and a kobold.

Vanquished Creatures
  A hound (D:3)
  2 oozes
  A dart slug (D:3)
  2 leopard geckos
  2 orcs
  2 bats
  3 giant cockroaches
  4 hobgoblins (D:2)
  3 kobolds
  A ball python (D:2)
  2 frilled lizards
  9 goblins
  4 rats
36 creatures vanquished.

Vanquished Creatures (others)
  An orc wizard (D:3)
1 creature vanquished.

Grand Total: 37 creatures vanquished

Notes
Turn   | Place    | Note
-------+----------+-------------------------------------------
     0 | D:1      | Mrkan the Gargoyle Fighter began the quest for the Orb.
     0 | D:1      | Reached XP level 1. HP: 14/14 MP: 1/1
   218 | D:1      | Reached XP level 2. HP: 19/19 MP: 2/2
   908 | D:2      | Reached XP level 3. HP: 21/23 MP: 3/3
  1241 | D:2      | Found a sacrificial altar of Ru.
  1349 | D:2      | Became a worshipper of Ru the Awakened
  1718 | D:3      | Found a burning altar of Makhleb.
  1726 | D:3      | Reached XP level 4. HP: 29/29 MP: 4/4
  1792 | D:3      | Found a transporter.
  1838 | D:3      | Killed from afar by an orc priest

Skill      XL: |  1  2  3 |
---------------+----------+-----
Maces & Flails | 3 |  3.2
Fighting       | |  3.8
Armour         | |  3.8
Shields        | |  3.8

Action                   |  1- 3 |  4- 6 || total
-------------------------+-------+-------++-------
Melee: Flail             |   158 |    32 ||   190
  Eat: Chunk             |     3 |       ||     3
Armor: Scale mail        |    19 |       ||    19
       Chain mail        |    86 |    13 ||    99
Dodge: Dodged            |    31 |    10 ||    41
Block: Shield            |    90 |    16 ||   106
